Description

This build produces a Sentry for a fast Hallucination scout, and quickly transitions into both Colossi and Double Forge play. Because the build is tech-heavy and has a low Gateway count, scouting is incredibly important so that additional units can be produced as required to defend aggression.

Gateway units, other than the first two, are omitted, because the units you produce will be dependent on what the opponent is doing. It's generally better to make Stalkers when harassment is expected, and Zealot/Sentry if a frontal assault is expected.

A similar opening is used in this game: https://lotv.spawningtool.com/84204/

Replay - 2024-03-24 - (P)IlIlIlIlIlIl VS (T)Miszu

Build Order

Get SALT Encoding   

  14  0:17  Pylon  
  16  0:36  Gateway  
  16  0:45  Assimilator  
  20  1:23  Cybernetics Core  
  20  1:32  Nexus  
  20  1:39  Pylon  
  21  1:47  Assimilator  
  21  1:59  Sentry (Chrono Boost)  
  24  2:05  Shield Battery  
  25  2:11  Warp Gate  
  25  2:15  Stalker  
  25  2:22  Phoenix  Hallucinated.
  28  2:28  Shield Battery  
  29  2:37  Robotics Facility  
  33  3:03  Gateway  
  36  3:16  Pylon  
  38  3:32  Observer (Chrono Boost)  
  38  3:33  Assimilator x2  
  40  3:37  Robotics Bay  
  41  3:43  Observer  
  45  3:57  Forge x2  
  46  4:05  Immortal (Chrono Boost)  
  51  4:14  Pylon  
  54  4:32  Colossus (Chrono Boost)  
  54  4:36  Protoss Ground Armor Level 1, Protoss Ground Weapons Level 1  
  60  4:42  Pylon  
  64  5:10  Colossus (Chrono Boost)  
  67  5:32  Twilight Council  
  67  5:33  Nexus  
  67  5:39  Extended Thermal Lance  
  70  6:00  Colossus (Chrono Boost)  
  81  6:11  Charge  
  84  6:23  Gateway x2  
  90  6:39  Protoss Ground Weapons Level 2 (Chrono Boost), Protoss Ground Armor Level 2 (Chrono Boost)  
  93  6:52  Immortal  
Spawning Tool Build Advisor. Get it on Overwolf

Go to:

Details

  • Created by: MJG    
  • Published on: Sep 09, 2024
  • Modified on: Sep 13, 2024
  • Patch: 5.0.11
  • Difficulty: Hard
Show
View Real Time Build Order
Export as new Build Order

Comments (0)

There are no comments. Be the first!

Create an account to comment!